 Dungeon Crawl Stone Soup version 0.25.1-8-g42b30a86e7 (webtiles) character file.

Game seed: 9144009032808126566

1957 pokeman the Thaumaturge (level 8, -1/44 HPs)
             Began as a Deep Elf Wizard on Dec 11, 2020.
             Slain by a centaur (5 damage)
             ... on level 5 of the Dungeon.
             The game lasted 00:17:34 (7849 turns).

pokeman the Thaumaturge (Deep Elf Wizard)           Turns: 7849, Time: 00:17:35

Health: -1/44      AC:  4    Str:  4    XL:     8   Next: 99%
Magic:  21/24      EV: 12    Int: 26    God:
Gold:   247        SH:  0    Dex: 13    Spells: 17/28 levels left

rFire    . . .     SeeInvis .   G - +0 dagger (venom)
rCold    . . .     Gourm    .   (no shield)
rNeg     . . .     Faith    .   i - +0 leather armour
rPois    .         Spirit   .   x - +0 helmet
rElec    .         Reflect  .   m - scarf {+Inv}
rCorr    .         Harm     .   (no gloves)
MR       +....                  (no boots)
Stlth    ++........             r - amulet of regeneration
HPRegen  0.54/turn              b - ring of protection from magic
MPRegen  0.19/turn              (no ring)

@: no status effects
A: no striking features
a: Evoke Invisibility


You were on level 5 of the Dungeon.
You were not hungry.

You visited 1 branch of the dungeon, and saw 5 of its levels.
You also visited: Sewer.

You collected 247 gold pieces.

Inventory:

Hand Weapons
 G - a +0 dagger of venom (weapon)
 J - a +0 shortbow
Missiles
 n - 45 bolts
 K - 46 arrows
Armour
 i - a +0 leather armour (worn)
 m - a scarf of invisibility (worn)
 x - a +0 helmet (worn)
Jewellery
 b - a ring of protection from magic (left hand)
 o - an uncursed amulet of the acrobat
 r - an amulet of regeneration (around neck)
 v - an uncursed ring of magical power
Wands
 q - a wand of digging (6)
 s - a wand of polymorph (10)
 w - a wand of paralysis (4)
 A - a wand of random effects (11)
Scrolls
 a - 3 scrolls of teleportation {unknown}
 c - 3 scrolls of magic mapping {unknown}
 j - a scroll of random uselessness {unknown}
 p - 3 scrolls of enchant armour {unknown}
 u - a scroll of enchant weapon {unknown}
 y - 2 scrolls of identify {unknown}
 B - 5 scrolls of immolation {unknown}
 D - 2 scrolls of fear {unknown}
 F - a scroll of blinking {unknown}
 H - a scroll of summoning {unknown}
 I - a scroll of remove curse {unknown}
Potions
 e - 6 potions of curing
 f - 3 potions of mutation {unknown}
 g - a potion of invisibility {unknown}
 h - 4 potions of stabbing {unknown}
 k - 2 potions of lignification {unknown}
 l - 2 potions of brilliance {unknown}
 t - 2 potions of degeneration {unknown}
 z - a potion of flight {unknown}
 C - 2 potions of heal wounds
 E - a potion of haste {unknown}
Comestibles
 d - 12 rations
 L - 3 chunks of flesh


   Skills:
 + Level 2.1 Fighting
 - Level 3.1 Armour
 - Level 3.0 Dodging
 - Level 3.0 Stealth
 * Level 10.5 Spellcasting
 + Level 5.7 Conjurations
 - Level 1.1 Summonings
 - Level 1.1 Translocations
 + Level 4.6 Fire Magic
 - Level 1.0 Air Magic
 - Level 1.0 Poison Magic
 - Level 1.0 Evocations


You had 17 spell levels left.
You knew the following spells:

 Your Spells              Type           Power        Failure   Level  Hunger
a - Magic Dart            Conj           ####         1%          1    None
b - Mephitic Cloud        Conj/Pois/Air  ####....     8%          3    None
c - Call Imp              Summ           ###.....     8%          2    None
d - Blink                 Tloc           N/A          8%          2    None
e - Conjure Flame         Conj/Fire      #####...     2%          3    None

Your spell library contained the following spells:

 Spells                   Type           Power        Failure   Level  Hunger
 Slow                     Hex            ##......     12%         2    None


Dungeon Overview and Level Annotations

Branches:
Dungeon (5/15)              Sewer (visited)
 Temple: D:4-7

Altars:
Gozag
Nemelex Xobeh
Sif Muna
Wu Jian
Yredelemnul

Annotations:
D:3 3 runed translucent doors, Loot behind rock, Turner1's ghost, amateur FoFi; hehateme's ghost, amateur GnVM; hehateme's ghost, amateur GrGl; krpopo's ghost, amateur MiFi; tsbored's ghost, amateur MiFi
D:5 Loot behind rock


Message History

You hit the centaur but do no damage.
The centaur looks as sick as possible!
The centaur is moderately wounded.
The water moccasin zombie bites you.
The centaur seems less confused.
The centaur barely misses you.
You hit the centaur but do no damage.
The centaur looks as sick as possible!
The centaur is heavily wounded.
The centaur hits you. The water moccasin zombie bites you.
The centaur hits you!
Your leather armour prevents you from hitting the centaur.
The centaur is severely wounded.
The centaur hits you!
* * * LOW HITPOINT WARNING * * *
The water moccasin zombie bites you.
* * * LOW HITPOINT WARNING * * *
Casting: Magic Dart (safe; 1% risk of failure)
Confirm with . or Enter, or press ? or * to list all spells.
You blink.
The centaur hits you.
* * * LOW HITPOINT WARNING * * *
The centaur hits you.
You die...

.#.#####.#.# #.## #......
.#.....#.#.##########..# #>####.
...).#.#.#.#........##.# #.# #.
.....#.#.#.#........##.# #.####.
.....#.#...#........##.####.#..#.
..<..#.#.#..........##..#...#..#.
.......#.##...§.....###.#.###..#.
.#######......Zc....# #...# #....
.#### ####.....@...# #...# #.##.
....#######.##'###### #..####.#..
###.##....#....# ##.......#..
#.##.##.###### #.....####..
#....##.###### #.<...# #..
####<........# #.....#####.
#..######### ####..÷.....
#(##.≈≈≈.≈≈## ###.###..
#.#÷#######≈# #..##..


You could see a centaur (extremely poisoned) and a water moccasin zombie.

Vanquished Creatures
  Pikel (D:5)
  Grinder (D:5)
  Menkaure (D:4)
  3 slaves (D:5)
  A centaur (D:5)
  2 ogres (D:4)
  A phantom (D:4)
  2 big kobolds (Sewer)
  2 scorpions (D:3)
  2 hounds (D:5)
  2 orc priests (D:3)
  Ijyb (D:4)
  2 orc wizards (D:4)
  Natasha (thrice) (D:4)
  3 worker ants
  A hound skeleton (D:4)
  Robin (D:3)
  2 howler monkey skeletons
  A gnoll (D:1)
  13 adders
  2 river rats
  A shadow imp (D:5)
  2 oozes
  3 worms
  2 dart slugs
  5 leopard geckos
  17 orcs
  11 bats
  3 giant cockroaches
  10 goblins
  11 hobgoblins
  9 jackals
  16 kobolds
  5 quokkas
  2 ball pythons (Sewer)
  6 frilled lizards
  7 rats
157 creatures vanquished.

Vanquished Creatures (others)
  A slave (D:5)
  An orc wizard (D:5)
  An orc (D:5)
3 creatures vanquished.

Grand Total: 160 creatures vanquished

Notes
Turn   | Place    | Note
-------+----------+-------------------------------------------
     0 | D:1      | pokeman the Deep Elf Wizard began the quest for the Orb.
     0 | D:1      | Reached XP level 1. HP: 10/10 MP: 7/7
   256 | D:1      | Reached XP level 2. HP: 13/16 MP: 4/9
   526 | D:1      | Reached skill level 5 in Spellcasting
   960 | D:1      | Reached XP level 3. HP: 20/20 MP: 9/11
   965 | D:1      | Learned a level 3 spell: Mephitic Cloud
   968 | D:1      | Learned a level 2 spell: Call Imp
   971 | D:1      | Learned a level 2 spell: Blink
   975 | D:1      | Learned a level 3 spell: Conjure Flame
  1226 | D:2      | Found a sparkling altar of Nemelex Xobeh.
  1643 | D:2      | Found a basalt altar of Yredelemnul.
  1688 | D:2      | Reached skill level 1 in Fighting
  1688 | D:2      | Reached skill level 1 in Armour
  1906 | D:2      | Reached XP level 4. HP: 13/25 MP: 7/13
  2435 | D:2      | Reached skill level 1 in Poison Magic
  3344 | D:3      | Reached skill level 6 in Spellcasting
  3344 | D:3      | Reached XP level 5. HP: 29/29 MP: 5/15
  3595 | D:3      | Reached skill level 1 in Air Magic
  3708 | D:3      | Found a runed translucent gate.
  3710 | D:3      | Found a runed translucent gate.
  3711 | D:3      | Found a runed translucent gate.
  3712 | D:3      | Noticed Turner1's ghost (amateur FoFi)
  3716 | D:3      | Noticed krpopo's ghost (amateur MiFi)
  3716 | D:3      | Noticed hehateme's ghost (amateur GrGl)
  3716 | D:3      | Noticed hehateme's ghost (amateur GnVM)
  3716 | D:3      | Noticed tsbored's ghost (amateur MiFi)
  3788 | D:3      | Found a shimmering blue altar of Sif Muna.
  3788 | D:3      | Found an ornate altar of the Wu Jian Council.
  4064 | D:3      | Reached XP level 6. HP: 5/34 MP: 3/17
  4296 | D:3      | Reached skill level 1 in Fire Magic
  4693 | D:4      | Noticed Natasha
  4700 | D:4      | Reached skill level 7 in Spellcasting
  4709 | D:3      | Reached skill level 1 in Evocations
  4832 | D:4      | Noticed Robin
  4993 | D:3      | Killed Robin
  5031 | D:4      | Reached XP level 7. HP: 39/40 MP: 4/20
  5198 | D:4      | Killed Natasha
  5396 | D:4      | Reached skill level 8 in Spellcasting
  5470 | D:4      | Noticed Menkaure
  5626 | D:4      | Noticed Natasha
  5632 | D:4      | Killed Natasha
  5686 | D:4      | Killed Menkaure
  5829 | D:4      | Noticed Natasha
  5832 | D:4      | Killed Natasha
  5914 | D:4      | Noticed Ijyb
  5926 | D:4      | Killed Ijyb
  6174 | D:5      | Entered Level 5 of the Dungeon
  6193 | D:5      | Noticed Pikel
  6215 | D:5      | Killed Pikel
  6215 | D:5      | Reached skill level 9 in Spellcasting
  6215 | D:5      | Reached skill level 5 in Conjurations
  6215 | D:5      | Reached XP level 8. HP: 22/44 MP: 9/23
  6302 | D:5      | Found an opulent altar of Gozag.
  6305 | D:5      | Noticed Grinder
  6500 | D:5      | Found a glowing drain.
  6504 | Sewer    | Entered a sewer
  6862 | Sewer    | Reached skill level 10 in Spellcasting
  7327 | D:5      | Killed Grinder
  7849 | D:5      | Slain by a centaur

Illustrated notes

Levels and vault maps discovered:
D:1:      wander_arrival_chamber, layout_loops_ring, minmay_tiny_reverse_x
D:2:      minmay_angry_zag, layout_basic, nemelex_xobeh_ov_fountains_minmay,
          lemuel_coloured_pillars_altar, grunt_decor_mini_mirrors
D:3:      layout_basic, gammafunk_temple_overflow_statue,
          gammafunk_ghost_cemetery, first_ration, due_unseen_surprise
D:4:      layout_cave_pools, kennysheep_generic_room_4, uniq_menkaure,
          uniq_robin, uniq_ijyb, uniq_natasha
D:5:      layout_basic, lemuel_round_altar, gup_sewer_entry_spiral,
          due_unseen_surprise, uniq_grinder, uniq_pikel

Skill      XL: |  1  2  3  4  5  6  7  8 |
---------------+-------------------------+-----
Spellcasting   | 5 6 7 9 10 | 10.5
Conjurations   | 2 3 5 |  5.7
Fighting       | 1 2 |  2.1
Armour         | 1 2 3 |  3.1
Poison Magic   | 1 |  1.0
Dodging        | 3 |  3.0
Air Magic      | 1 |  1.0
Stealth        | 3 |  3.0
Fire Magic     | 1 3 4 |  4.6
Evocations     | 1 |  1.0
Summonings     | |  1.1
Translocations | |  1.1

Action                   |  1- 3 |  4- 6 |  7- 9 || total
-------------------------+-------+-------+-------++-------
Melee: Short sword       |    18 |    45 |    19 ||    82
       Dagger            |       |       |    19 ||    19
       Whip              |       |       |    16 ||    16
 Cast: Magic Dart        |    86 |   200 |   204 ||   490
       Mephitic Cloud    |       |     6 |    17 ||    23
       Conjure Flame     |       |     1 |     4 ||     5
       Blink             |       |     1 |     1 ||     2
       Call Imp          |       |       |     3 ||     3
  Use: Potion            |       |     1 |       ||     1
 Stab: Confused          |       |     1 |     5 ||     6
  Eat: Chunk             |     3 |     9 |     9 ||    21
Armor: Leather armour    |     7 |    20 |    24 ||    51
Dodge: Dodged            |    38 |    88 |    69 ||   195
